 Dungeon Crawl Stone Soup version 0.27-a0-1137-g3ef0f4ec91 (webtiles) character file.

Game seed: 8806938616748852864

683 wakim the Poker (level 7, -2/54 HPs)
             Began as a Merfolk Gladiator on May 6, 2021.
             Slain by Menkaure (19 damage)
             ... on level 5 of the Dungeon.
             The game lasted 00:13:42 (4598 turns).

wakim the Poker (Merfolk Gladiator)                 Turns: 4598, Time: 00:13:43

Health: -2/54      AC:  5    Str: 14    XL:     7   Next: 61%
Magic:  16/16      EV: 11    Int: 10    God:
Gold:   295        SH:  9    Dex: 15    Spells: 6/6 levels left

rFire    . . .     SeeInvis .   a - +1 trident
rCold    . . .     Faith    .   n - +0 kite shield
rNeg     . . .     Spirit   .   b - +0 leather armour
rPois    .         Reflect  .   c - +0 helmet
rElec    .         Harm     .   (no cloak)
rCorr    .         Rampage  .   (no gloves)
Will     +....                  l - +0 pair of boots
Stlth    ++........             e - amulet of regeneration
HPRegen  1.18/turn              o - ring of magical power
MPRegen  0.15/turn              m - ring of willpower

@: no status effects
A: (nimble swimmer 2), mertail
a: no special abilities


You were on level 5 of the Dungeon.
You visited 1 branch of the dungeon, and saw 5 of its levels.

You collected 295 gold pieces.

Inventory:

Hand Weapons
 a - a +1 trident (weapon)
Missiles
 d - 3 throwing nets {=f!f}
 f - 2 poisoned darts
 g - 3 boomerangs (quivered)
Armour
 b - a +0 leather armour (worn)
 c - a +0 helmet (worn)
 l - a +0 pair of boots (worn)
 n - a +0 kite shield (worn)
Jewellery
 e - an amulet of regeneration (around neck)
 m - a ring of willpower (right hand)
 o - a ring of magical power (left hand)
Wands
 v - a wand of flame (18)
 w - a wand of acid (6)
 y - a wand of paralysis (10)
Scrolls
 k - 2 scrolls of enchant weapon
Potions
 h - 3 potions of lignification {unknown}
 i - 3 potions of curing
 j - a potion of attraction {unknown}
 J - 2 potions of heal wounds
 N - 2 potions of might


   Skills:
 + Level 4.0 Fighting
 * Level 7.7 Polearms
 + Level 3.5 Throwing
 + Level 5.1 Dodging
 - Level 3.0 Stealth
 * Level 3.1 Shields


You had 6 spell levels left.
You didn't know any spells.
Your spell library contained the following spells:

 Spells                   Type           Power      Damage    Failure   Level
 Magic Dart               Conj           0%         1d3       92%         1
 Summon Small Mammal      Summ           0%         N/A       92%         1
 Blink                    Tloc           N/A        N/A       98%         2
 Call Imp                 Summ           0%         N/A       98%         2
 Slow                     Hex            0%         N/A       98%         2
 Call Canine Familiar     Summ           0%         N/A       100%        3
 Conjure Flame            Conj/Fire      0%         6-21      100%        3
 Mephitic Cloud           Conj/Pois/Air  0%         N/A       100%        3
 Summon Guardian Golem    Hex/Summ       0%         N/A       100%        3
 Summon Ice Beast         Ice/Summ       0%         N/A       100%        4
 Summon Lightning Spire   Summ/Air       0%         N/A       100%        4


Dungeon Overview and Level Annotations

Branches:
Dungeon (5/15)
 Temple: D:4-7

Altars:
Makhleb
Xom

Shops:
D:2 :

Annotations:
D:3 3 runed translucent doors, Cralpanu's ghost, amateur FoFi
D:5 Menkaure


Innate Abilities, Weirdness & Mutations

((You are quick and stealthy near water. (Stealth+, EV+, Speed+++)))
Your lower body shifts to a powerful aquatic tail in water.


Message History

The centaur hits you.
* * * LOW HITPOINT WARNING * * *
The centaur kicks you but does no damage.
You hit the centaur.
You kill the centaur!
Your Fighting skill increases to level 4!
Your Shields skill increases to level 3!
Things that are here:
a +1 shortbow of flaming; 28 arrows; a centaur corpse
Found a bone wand.
w - a wand of acid (6)
You see here a +0 leather armour.
Menkaure, Prince of Dust comes into view.
Menkaure shouts!
Menkaure casts a spell.
Menkaure seems to speed up.
You throw a boomerang. The boomerang hits Menkaure.
Menkaure is lightly damaged.
You puncture Menkaure!
Menkaure is severely damaged.
Menkaure calls on the powers of darkness!
Your body is wracked with pain!
You are too injured to fight recklessly!
You are too injured to fight recklessly!
Unknown command.
You hit Menkaure.
Menkaure is severely damaged.
Menkaure hits you!
* * * LOW HITPOINT WARNING * * *
You block Menkaure's attack.
You hit Menkaure.
Menkaure is almost destroyed.
Menkaure closely misses you.
You hit Menkaure but do no damage.
Menkaure is almost destroyed.
Menkaure hits you but does no damage.
You hit Menkaure but do no damage.
Menkaure is almost destroyed.
Menkaure closely misses you. Menkaure hits you!!
You die...

##### ....######..###
#.###. ...# ##..#
#...#....## #..##
##...... ##.##
#....... #..# #......
##.## ###.....# ##..#
.......M## #...#
#.......@### ##..##
...........####...#
...#..............##
.......#####.......###
# ......#
###.......#### .#...#
##.......##. #...#
#.........# #...
##.......... ...
#...(.......


You could see Menkaure (fast).

Vanquished Creatures
  A water moccasin (D:5)
  An ogre (D:4)
  A centaur (D:5)
  A hound (D:4)
  A bullfrog skeleton (D:5)
  2 orc priests (D:4)
  An iguana (D:5)
  3 hound skeletons (D:4)
  4 gnolls (D:5)
  9 adders
  4 worms
  A dart slug (D:4)
  15 orcs
  4 endoplasms
  3 giant cockroaches (D:1)
  8 goblins
  7 hobgoblins
  4 jackals (D:4)
  4 quokkas
  3 ball pythons
  8 bats
  5 frilled lizards
  8 kobolds
  5 rats
103 creatures vanquished.

Vanquished Creatures (others)
  A fungus (D:1)
1 creature vanquished.

Grand Total: 104 creatures vanquished

Notes
Turn   | Place    | Note
-------+----------+-------------------------------------------
     0 | D:1      | wakim the Merfolk Gladiator began the quest for the Orb.
     0 | D:1      | Reached XP level 1. HP: 16/16 MP: 1/1
   286 | D:1      | Reached skill level 1 in Stealth
   286 | D:1      | Reached XP level 2. HP: 23/23 MP: 2/2
  1310 | D:2      | Reached XP level 3. HP: 28/28 MP: 3/3
  1341 | D:2      | Reached skill level 5 in Polearms
  1394 | D:2      | Found Hanuqaud's Book Boutique.
  1494 | D:2      | Reached XP level 4. HP: 34/34 MP: 4/4
  1631 | D:2      | Found a shimmering altar of Xom.
  2051 | D:3      | Found a faded altar of an unknown god.
  2241 | D:3      | Reached XP level 5. HP: 39/41 MP: 5/5
  2295 | D:3      | Found a runed translucent gate.
  2295 | D:3      | Found a runed translucent gate.
  2295 | D:3      | Found a runed translucent gate.
  2326 | D:3      | Noticed Cralpanu's ghost (amateur FoFi)
  2390 | D:4      | Reached skill level 6 in Polearms
  2568 | D:4      | Noticed an ogre
  2689 | D:4      | Reached skill level 1 in Shields
  2747 | D:4      | Reached XP level 6. HP: 24/47 MP: 6/6
  3280 | D:4      | Found a burning altar of Makhleb.
  3631 | D:5      | Entered Level 5 of the Dungeon
  3743 | D:5      | Noticed a water moccasin
  3761 | D:5      | Killed a water moccasin
  3762 | D:5      | Reached skill level 7 in Polearms
  3762 | D:5      | Reached XP level 7. HP: 14/53 MP: 7/7
  4084 | D:5      | Reached skill level 5 in Dodging
  4591 | D:5      | Noticed Menkaure
  4598 | D:5      | Slain by Menkaure

Illustrated notes

Levels and vault maps discovered:
D:1:      dpeg_cavernosity, layout_basic, minmay_misc_feat_more_columns
D:2:      layout_rooms, serial_shops, shop, basic_altar
D:3:      layout_rooms, gammafunk_ghost_icy,
          hellmonk_ecumenical_altar_crossroads, nicolae_underground_beach
D:4:      layout_basic, lemuel_round_altar
D:5:      layout_layer_cave, uniq_menkaure

Skill      XL: |  1  2  3  4  5  6  7 |
---------------+----------------------+-----
Stealth        | 1 2 3 |  3.0
Polearms       | 5 6 7 |  7.7
Fighting       | 3 4 |  4.0
Shields        | 1 2 3 |  3.1
Throwing       | 3 |  3.5
Dodging        | 5 |  5.1

Action                   |  1- 3 |  4- 6 |  7- 9 || total
-------------------------+-------+-------+-------++-------
Melee: Trident           |    89 |   238 |    51 ||   378
Throw: Boomerang         |       |     7 |     6 ||    13
       Dart              |       |     9 |       ||     9
  Use: Scroll            |     2 |     5 |     1 ||     8
 Stab: Sleeping          |     3 |    10 |     2 ||    15
       Distracted        |       |     1 |       ||     1
Armor: Leather armour    |    16 |    23 |    15 ||    54
Dodge: Dodged            |    39 |    78 |    25 ||   142
Block: Kite shield       |       |    36 |    24 ||    60

Table legend: (Time is in decaauts)
 A = Elapsed time spent in this place.
 B = Non-inter-level travel time spent in this place.
 C = Inter-level travel time spent in this place.
 D = Time resting spent in this place.
 E = Time spent auto-exploring this place.
 F = Levels seen in this place.
 G = Mean time per level.
                   A        B        C        D        E       F      G
               +--------+--------+--------+--------+--------+-----+--------+
         Total |   4648 |   4533 |    115 |     33 |   3456 |   5 |  929.6 |
       Dungeon |   4648 |   4533 |    115 |     33 |   3456 |   5 |  929.6 |
               +--------+--------+--------+--------+--------+-----+--------+

Top non-repeatable levels by time:
     D:4: 1301 daAuts
     D:1: 1254 daAuts
     D:5: 946 daAuts
     D:2: 578 daAuts
     D:3: 568 daAuts
